 Dungeon Crawl Stone Soup version 0.17-a0-2007-g96ac4c4 (webtiles) character file.

4948 Ordine the Fighter (level 10, 0/78 HPs)
             Began as an Octopode Fighter on Oct 9, 2015.
             Was a Priest of Dithmenos.
             Slain by a hill giant
             ... wielding a +0 giant spiked club
              (24 damage)
             ... on level 9 of the Dungeon.
             The game lasted 00:31:43 (8748 turns).

Ordine the Fighter (Octopode Fighter)               Turns: 8748, Time: 00:31:43

Health: 0/78       AC:  5    Str: 15      XL:     10   Next: 52%
Magic:  19/19      EV: 11    Int: 10      God:    Dithmenos [***...]
Gold:   534        SH:  9    Dex: 14 (16) Spells: 0 memorised, 9 levels left

rFire  . . .     SeeInvis .     G - +4 long sword (freeze)
rCold  . . .     Clarity  .     b - +0 shield
rNeg   . . .     SustAt   .     (helmet restricted)
rPois  .         Gourm    .     (no amulet)
rElec  .         Spirit   .     l - +2 ring of protection
rCorr  .         Warding  .     r - ring of magical power
rMut   .         Stasis   .     p - +2 ring of protection
MR     .....                    h - ring of stealth
Stlth  +++++.....               (no ring)
                                (no ring)
                                (no ring)
                                (no ring)

@: wreathed by umbra, not resistant to hostile enchantments, quite stealthy
A: almost no armour, amphibious, 8 rings, constrict 8, camouflage 1, gelatinous
body 1
a: Shadow Step, Renounce Religion


You were on level 9 of the Dungeon.
You worshipped Dithmenos.
Dithmenos was most pleased with you.
You were not hungry.

You visited 2 branches of the dungeon, and saw 10 of its levels.
You also visited: Sewer.

You collected 534 gold pieces.

Inventory:

Hand Weapons
 G - a +4 long sword of freezing (weapon)
Missiles
 c - 6 tomahawks of returning
 g - 371 stones
 x - 6 javelins of returning (quivered)
Armour
 b - a +0 shield (worn)
Jewellery
 h - a ring of stealth (on tentacle)
 l - a +2 ring of protection (left tentacle)
 p - a +2 ring of protection (on tentacle)
 r - a ring of magical power (right tentacle)
Wands
 a - a wand of heal wounds (4)
 j - a wand of frost (18)
 E - a wand of enslavement (10)
Scrolls
 e - a scroll of recharging
 m - 4 scrolls of teleportation
 n - 5 scrolls of amnesia
 t - 2 scrolls of remove curse
 v - 2 scrolls of enchant weapon
 F - a scroll of blinking
Potions
 f - 6 potions of curing
 s - 2 potions of cancellation
 u - 2 potions of magic
 z - 2 potions of poison {unknown}
 A - 2 potions of flight {unknown}
 B - 2 potions of agility {unknown}
 I - a potion of resistance {unknown}
Books
 C - Venium's Papyrus of Malediction
   (You found it in a sewer)

   Spells                             Type                      Level
   a - Summon Guardian Golem          Hexes/Summoning              3
   b - Tukima's Dance                 Hexes                        3
   c - Invisibility                   Hexes                        6
Comestibles
 d - 9 bread rations
 i - 9 slices of pizza
 k - a chunk of flesh
 o - 3 beef jerkies
 D - a meat ration
 H - 5 fruits


   Skills:
 + Level 11.1 Fighting
 + Level 10.9 Long Blades
 - Level 3.0 Dodging
 - Level 3.0 Shields


You had 9 spell levels left.
You didn't know any spells.

Dungeon Overview and Level Annotations

Branches:
Dungeon (9/15)             Temple (1/1) D:6
   Lair: D:8-11         Orc: D:9-12

Altars:
Ashenzari
Cheibriados
Dithmenos
Elyvilon
Fedhas
Gozag
Kikubaaqudgha
Makhleb
Nemelex Xobeh
Okawaru
Qazlal
Ru
Sif Muna
Trog
Vehumet
Xom
Yredelemnul
Zin
The Shining One

Shops:
D:6 *


Innate Abilities, Weirdness & Mutations

You cannot wear most types of armour.
You are amphibious.
You can wear up to eight rings at the same time.
You can use your tentacles to constrict eight enemies at once.
Your skin changes colour to match your surroundings (Stealth).
Your rubbery body absorbs attacks (AC +1).


Message History

Zapping:
E - a wand of enslavement (will waste charges)
Press: ? - help, Shift-Dir - straight line, f - hill giant
Aim: a hill giant, wielding a giant spiked club (hasn't noticed you, umbra, chance to defeat MR: 28%)
The hill giant shouts!
The hill giant easily resists.
Evoking this partially-identified wand wasted a few charges.
Drink which item? (? for menu, Esc to quit)
Okay, then.
You slash the hill giant! You freeze the hill giant.
The hill giant is moderately wounded.
You block the hill giant's attack.
You slice the hill giant!! You freeze the hill giant.
The hill giant is heavily wounded.
You hit the hill giant. You freeze the hill giant. You squeeze the hill giant.
The hill giant is severely wounded.
The hill giant hits you with a giant spiked club!!
You hit the hill giant but do no damage.
The hill giant is severely wounded.
The hill giant hits you with a giant spiked club!!
You die...

.. . .. ? .# #. .#
..#.#####.#
.....§§§#.#####.
#####§§.).......#
##⌠#⌠##≈.#.#####..
#≈≈≈≈≈#≈@#.# #.#
##≈...§#≈C#.# #.#
#§≈...≈#≈.#.# ##.## #
##≈._..'..#.. /.. #
#⌠≈...≈#≈.### #.# #
##§...≈#≈.#######.########
#≈≈≈§≈#≈................#
##⌠#⌠##≈<..........####.#
#####≈≈)#########.# #.#


You could see a hill giant.

Vanquished Creatures
  The ghost of chimenez the Grappler, a novice TrMo of Cheibriados (D:8)
  A deep elf mage (D:7)
  A wyvern (D:8)
  A human (D:7)
  2 ice beasts
  2 orc warriors
  4 phantoms
  Purgy (Sewer)
  A black bear (D:6)
  2 necrophages
  5 centaurs
  6 ogres
  3 giant frogs
  2 scorpions
  A water moccasin skeleton (D:4)
  10 wights
  2 crimson imps
  A quasit (D:9)
  A jelly (D:6)
  2 centaur zombies
  4 hounds
  A centaur skeleton (D:7)
  6 orc wizards
  6 worker ants
  3 iguanas
  2 orc priests
  4 sheep (D:7)
  A hound zombie (D:8)
  2 hound skeletons
  A worker ant zombie (D:7)
  3 gnolls (D:9)
  9 adders
  2 shadow imps
  An adder skeleton (D:4)
  An adder zombie (D:6)
  A worm (D:2)
  6 giant geckos
  16 orcs
  A ball python (D:2)
  11 giant cockroaches
  7 goblins
  6 hobgoblins
  16 jackals
  9 bats
  A giant gecko skeleton (D:4)
  A giant gecko zombie (D:6)
  4 giant newts
  6 kobolds
  2 quokkas
  A quokka skeleton (D:4)
  8 rats
191 creatures vanquished.

Notes
Turn   | Place    | Note
--------------------------------------------------------------
     0 | D:1      | Ordine the Octopode Fighter began the quest for the Orb.
     0 | D:1      | Reached XP level 1. HP: 16/16 MP: 1/1
   205 | D:1      | Reached XP level 2. HP: 21/21 MP: 2/2
   751 | D:1      | Reached XP level 3. HP: 2/26 MP: 3/3
  1623 | D:2      | Reached XP level 4. HP: 33/33 MP: 4/4
  1905 | D:3      | Found a shadowy altar of Dithmenos.
  1918 | D:3      | Became a worshipper of Dithmenos the Shadowed
  2405 | D:3      | Noticed a centaur
  2414 | D:3      | Killed a centaur
  2414 | D:3      | Reached skill level 4 in Fighting
  2414 | D:3      | Reached XP level 5. HP: 15/38 MP: 5/5
  3161 | D:4      | Noticed an ogre
  3177 | D:3      | Reached XP level 6. HP: 34/45 MP: 6/6
  3273 | D:3      | Killed an ogre
  3273 | D:3      | Reached skill level 5 in Fighting
  3273 | D:3      | Reached skill level 5 in Long Blades
  3608 | D:4      | Reached XP level 7. HP: 41/51 MP: 7/7
  3803 | D:4      | Found an ancient bone altar of Kikubaaqudgha.
  3909 | D:4      | Reached skill level 6 in Fighting
  4304 | D:5      | Entered Level 5 of the Dungeon
  4445 | D:5      | Found an opulent altar of Gozag.
  4459 | D:5      | Found a stormy altar of Qazlal.
  4465 | D:5      | Reached XP level 8. HP: 53/58 MP: 8/8
  4467 | D:5      | Found a white marble altar of Elyvilon.
  4496 | D:5      | Found a shimmering altar of Xom.
  4656 | D:5      | Reached skill level 7 in Fighting
  4693 | D:5      | Found a glowing drain.
  4711 | Sewer    | Entered a sewer
  4714 | Sewer    | Noticed Purgy
  4735 | Sewer    | Killed Purgy
  5009 | Sewer    | Identified Venium's Papyrus of Malediction
  5397 | D:6      | Acquired Dithmenos's first power
  5437 | D:6      | Reached skill level 8 in Fighting
  5472 | D:6      | Reached XP level 9. HP: 34/67 MP: 9/9
  5661 | D:6      | Found a snail-covered altar of Cheibriados.
  5859 | D:6      | Found a deep blue altar of Sif Muna.
  5862 | D:6      | Found a basalt altar of Yredelemnul.
  5865 | D:6      | Found a shattered altar of Ashenzari.
  5979 | D:6      | Found Qaklat's General Store.
  6088 | D:6      | Found a staircase to the Ecumenical Temple.
  6090 | D:6      | Reached skill level 9 in Fighting
  6098 | Temple   | Entered the Ecumenical Temple
  6987 | D:7      | Acquired Dithmenos's second power
  7289 | D:8      | Reached skill level 10 in Fighting
  7308 | D:8      | Noticed chimenez's ghost (novice TrMo)
  7353 | D:8      | Killed chimenez's ghost
  7353 | D:8      | Reached skill level 10 in Long Blades
  7353 | D:8      | Reached XP level 10. HP: 43/77 MP: 10/10
  8139 | D:9      | Reached skill level 11 in Fighting
  8562 | D:9      | Found a burning altar of Makhleb.
  8740 | D:9      | Noticed a hill giant
  8748 | D:9      | Slain by a hill giant

Vault maps used:
D:1:      arrival_zaba_pyramid
D:3:      mumra_celtic_spiral_tile, grunt_dithmenos_smoke_and_mirrors,
          first_bread
D:4:      kiku_gazebo_garden_becter, minmay_misc_feat_more_columns
D:5:      kennysheep_mini, lemuel_doored_altar, grunt_temple_overflow_open,
          portal_sewer_entry_d, minmay_misc_feat_columns, minivault_24,
          minivault_27, grunt_decor_cap
D:6:      lemuel_coloured_pillars_altar, grunt_temple_overflow_diamond,
          minmay_temple_entry_fiery, serial_shops, nicolae_shop_trees,
          st_stairs_7
D:7:      grunt_livestock, amethyst_killhole
D:8:      lemuel_upstairs_altar
D:9:      lightli_temple_of_fire
Temple:   nicolae_temple_no_exploring_needed
Sewer:    kennysheep_door_sewer

Action                   |  1- 3 |  4- 6 |  7- 9 | 10-12 || total
-------------------------+-------+-------+-------+-------++-------
Melee: Long sword        |    88 |    63 |   236 |   100 ||   487
Throw: Javelin           |       |       |    21 |     1 ||    22
       Throwing net      |       |       |     4 |     2 ||     6
       Tomahawk          |       |       |     3 |       ||     3
Evoke: Wand              |       |     2 |       |     1 ||     3
  Use: Scroll            |       |    12 |     7 |     3 ||    22
       Potion            |       |     2 |     4 |     3 ||     9
 Stab: Sleeping          |     8 |     6 |    25 |     1 ||    40
       Distracted        |     1 |       |       |       ||     1
       Held in net/web   |       |       |       |     1 ||     1
  Eat: Chunk             |     2 |     5 |    12 |     5 ||    24
       Beef jerky        |       |     1 |       |       ||     1
